 Dungeon Crawl Stone Soup version 0.29-a0-330-g52719c12eb (webtiles) character file.

Game seed: 5673362466198898330

1147 virigoth the Skirmisher (level 8, -12/71 HPs)
             Began as a Minotaur Berserker on Apr 12, 2022.
             Was a Believer of Trog.
             Mangled by a yak (14 damage)
             ... on level 5 of the Dungeon.
             The game lasted 00:25:52 (4439 turns).

virigoth the Skirmisher (Minotaur Berserker)        Turns: 4439, Time: 00:25:53

Health: -12/71     AC:  7    Str: 23    XL:     8   Next: 15%
Magic:  7/7        EV: 12    Int:  4    God:    Trog [**....]
Gold:   239        SH:  0    Dex:  9    Spells: 7/7 levels left

rFire   . . .      SeeInvis .   y - +4 scythe (freeze)
rCold   . . .      Faith    .   (shield currently unavailable)
rNeg    . . .      Spirit   .   w - +1 ring mail {Will+}
rPois   .          Reflect  .   (helmet restricted)
rElec   .          Harm     .   (no cloak)
rCorr   .          Rampage  .   (no gloves)
Will    +....      Rage     1%  (no boots)
Stlth   ..........              (no amulet)
HPRegen 0.21/turn               (no ring)
MPRegen 0.10/turn               (no ring)

@: no status effects
A: horns 2, retaliatory headbutt, berserk 1, clumsy 1, mutation resistance 1
a: Renounce Religion, Berserk, Trog's Hand


You were on level 5 of the Dungeon.
You worshipped Trog.
Trog was pleased with you.
You visited 1 branch of the dungeon, and saw 5 of its levels.

You collected 239 gold pieces.


Innate Abilities, Weirdness & Mutations

You have a pair of horns on your head.
You reflexively headbutt those who attack you in melee.
You tend to lose your temper in combat.
You are clumsy. (Dex -2)
You are somewhat resistant to further mutation.


   Skills:
 + Level 6.5 Fighting
 - Level 5.0(6.2) Axes
 * Level 5.5(6.4) Polearms
 + Level 5.9 Armour
 + Level 5.3 Dodging


You had 7 spell levels left.
You didn't know any spells.
Your spell library contained the following spells:

 Spells                   Type           Power      Damage    Failure   Level
 Freeze                   Ice            0%         1d3       65%         1
 Frozen Ramparts          Ice            0%         1d2       95%         3
 Ignite Poison            Fire/Tmut/Pois 0%         N/A       95%         3
 Mephitic Cloud           Conj/Pois/Air  0%         N/A       95%         3
 Hailstorm                Conj/Ice       0%         3d3       100%        4
 Freezing Cloud           Conj/Ice/Air   0%         6-21      100%        5

Inventory:

Hand Weapons
 a - a +0 hand axe
 o - a +0 mace of holy wrath
   (You found it on level 2 of the Dungeon)
 u - a +2 vorpal long sword
   (You found it on level 3 of the Dungeon)
 y - a +4 scythe of freezing (weapon)
   (You took it off Sigmund on level 3 of the Dungeon)
 E - a +1 vampiric hand axe
   (You found it on level 4 of the Dungeon)
 J - a +0 war axe
   (You took it off an orc on level 4 of the Dungeon)
Missiles
 d - 143 stones (quivered)
 m - 8 poisoned darts
Armour
 b - a +0 ring mail
   (You found it on level 4 of the Dungeon)
 f - a +0 ring mail
   (You took it off an orc on level 4 of the Dungeon)
 p - a +0 ring mail
   (You took it off an orc on level 4 of the Dungeon)
 q - a +0 scale mail
   (You took it off an orc priest on level 4 of the Dungeon)
 v - a +0 leather armour
   (You found it on level 4 of the Dungeon)
 w - a +1 ring mail of willpower (worn)
   (You found it on level 3 of the Dungeon)
 A - the +2 pair of gloves "Wauplar" {-Tele rC+++ Regen+ Slay+2}
   (You found it on level 3 of the Dungeon)

   Slay:      It affects your accuracy & damage with ranged weapons and melee
   (+2).
   rC:        It renders you almost immune to cold.
   -Tele:     It prevents most forms of teleportation.
   Regen:     It increases your rate of health regeneration.
 D - a +0 ring mail
   (You found it on level 4 of the Dungeon)
 F - a +0 robe
   (You found it on level 4 of the Dungeon)
 H - a +0 leather armour
   (You took it off an orc on level 4 of the Dungeon)
 I - a +0 leather armour
   (You took it off an orc on level 4 of the Dungeon)
 M - a +0 leather armour
   (You found it on level 4 of the Dungeon)
 N - a +0 ring mail
   (You took it off an orc on level 5 of the Dungeon)
 O - a +0 leather armour
   (You took it off an orc on level 5 of the Dungeon)
 P - a +0 robe
   (You took it off an orc wizard on level 5 of the Dungeon)
Jewellery
 x - an amulet of magic regeneration
   (You found it on level 4 of the Dungeon)
Scrolls
 g - a scroll of amnesia {unknown}
 h - 2 scrolls of magic mapping {!r}
 n - a scroll of fog {unknown}
 t - 3 scrolls of identify {unknown}
 z - a scroll of teleportation {unknown}
 C - a scroll of vulnerability {unknown}
 G - a scroll of enchant weapon {unknown}
 K - a scroll of acquirement {unknown}
 L - a scroll of enchant armour {unknown}
 Q - a scroll of blinking {unknown}
Potions
 c - a potion of invisibility {unknown}
 e - a potion of magic {unknown}
 i - a potion of mutation {!q}
 j - 2 potions of cancellation {unknown}
 k - 3 potions of heal wounds {unknown}
 l - a potion of curing {unknown}
 r - 5 potions of degeneration {unknown}
 s - a potion of flight {unknown}
 B - 2 potions of haste {unknown}

Dungeon Overview and Level Annotations

Branches:
Dungeon (5/15)
 Temple: D:4-7

Altars:
Ashenzari
Dithmenos
Hepliaklqana
Makhleb
Uskayaw

Shops:
D:2 [

Annotations:
D:2 Tuobb's Armor +10 plate for 900 gold

................
...............
...............
###....†......
#......# #...#..##
....# # ##.Y##
#...## # #...Y##
....# #. #....@##
#...## #.. #......##
....##... #####...##
#........
#....#####........
##................
##...............
#####.....###.......
#......#### #.......
........## ##.......


You could see 2 yaks.


Message History

d - 125 stones (gained 11)
You hear the brisk hiss of a very distant avalanche of sand.
A worm comes into view.
A worm is nearby!
The worm closely misses you. You furiously retaliate!
You headbutt the worm, but do no damage.
You slice the worm!! You freeze the worm.
You kill the worm!
Trog accepts your kill.
B - 2 blue potions (gained 1)
An iguana comes into view.
The iguana hisses angrily.
The iguana barely misses you.
You barely miss the iguana. Your headbutt misses the iguana.
The iguana bites you but does no damage.
The iguana bites you! 😕 HP[-10]
You take 10 damage, and now have 53/63 hp.
You closely miss the iguana. You headbutt the iguana!
The iguana bites you! x2 😮 HP[-18]
You take 18 damage, and now have 35/63 hp.
MASSIVE DAMAGE!! (PAUSE)
You hit the iguana but do no damage.
The iguana bites you but does no damage.
You slash the iguana! You freeze the iguana.
You kill the iguana!
Trog accepts your kill. 😮 HP[+1]
You hear the brisk hiss of a very distant avalanche of sand.
You hear the quick hiss of a very distant avalanche of sand.
You hear the quick hiss of a very distant avalanche of sand.
You see here an iguana corpse.
You now have 239 gold pieces (gained 13).
Things that are here:
an orb of mayhem; a +0 mace; 😎 HP[+27]
Your hp is fully restored (63).
You hear the rapid hiss of a very distant avalanche of sand.
You hear the rapid hiss of a very distant avalanche of sand.
d - 143 stones (gained 18)
You hear the rapid hiss of a very distant avalanche of sand.
You pick up a Trismegistus Codex {forbidden} and begin reading...
You add the spells Ignite Poison, Mephitic Cloud and Freezing Cloud to your library.
Unknown command.
The hiss of flowing sand is almost imperceptible now.
The walls and floor vibrate strangely for a moment.
Q - a scroll labelled BUXUGE SODE A scorpion comes into view.
You hit the scorpion but do no damage. The scorpion barely misses you. x2
You slice the scorpion!! You freeze the scorpion.
You kill the scorpion!
Trog accepts your kill.
Your base Polearms skill increases to level 5!
You have reached level 8!
You feel agile. 😎 HP[+8] MP[+1]
You now have 71 max hp (+8).
Your hp is fully restored (71).
Your mp is fully restored (7). 2 yaks come into view.
Found a stone staircase leading up.
A yak comes into view.
The yak bellows!
You hear a shout!
You barely miss the yak. The yak gores you!
The yak completely misses you. 😕 HP[-8]
You take 8 damage, and now have 63/71 hp.
You slash the yak! You freeze the yak. The yak gores you! The yak misses you.
The yak gores you but does no damage. 😕 HP[-7]
You take 7 damage, and now have 56/71 hp.
You slash the yak! You freeze the yak. You headbutt the yak, but do no damage.
The yak gores you but does no damage. The yak gores you! 😮 HP[-13]
You take 13 damage, and now have 43/71 hp.
You slash the yak! You freeze the yak.
You kill the yak!
Trog accepts your kill. 😮 HP[+1]
You closely miss the yak. The yak gores you but does no damage.
The yak gores you!
* * * LOW HITPOINT WARNING * * *
The yak barely misses you. The yak gores you!
* * * LOW HITPOINT WARNING * * *
😨 HP[-21]
You take 21 damage, and now have 23/71 hp.
MASSIVE DAMAGE!! (PAUSE)
You hit the yak. You freeze the yak. The yak closely misses you. x2
You slash the yak! You freeze the yak. You headbutt the yak! The yak gores you.
* * * LOW HITPOINT WARNING * * *
The yak barely misses you. x2; The yak gores you!
* * * LOW HITPOINT WARNING * * *
😱 HP[-12]
You take 12 damage, and now have 11/71 hp.
You hit the yak. You freeze the yak. The yak gores you but does no damage.
The yak gores you!
* * * LOW HITPOINT WARNING * * *
The yak closely misses you.
The yak completely misses you. 😱 HP[-10]
You take 10 damage, and now have 1/71 hp. 😱 HP[+1]
The yak attacks as you move away! The yak gores you!
You die...

Skill      XL: |  1  2  3  4  5  6  7 |
---------------+----------------------+-----
Axes           | 4 5 |  5.0
Fighting       | 4 5 6 |  6.5
Armour         | 3 4 5 |  5.9
Dodging        | 3 4 5 |  5.3
Polearms       | 3 5 |  5.5

Action                   |  1- 3 |  4- 6 |  7- 9 || total
-------------------------+-------+-------+-------++-------
Melee: Hand axe          |    55 |    19 |       ||    74
       Headbutt          |    12 |     3 |     7 ||    22
       Punch             |     2 |       |       ||     2
       Scythe            |       |    29 |    38 ||    67
Invok: Berserk           |     1 |     2 |       ||     3
  Use: Scroll            |     2 |       |       ||     2
       Potion            |     2 |       |       ||     2
Armor: Animal skin       |     5 |       |       ||     5
       Chain mail        |    12 |     5 |       ||    17
       Ring mail         |       |    18 |    27 ||    45
Dodge: Dodged            |    32 |    37 |    33 ||   102

Levels and vault maps discovered:
D:1:      lemuel_arrival_lava_pool, layout_basic
D:2:      layout_rooms, serial_shops, nicolae_shop_behind_doors
D:3:      layout_rooms, nicolae_ashenzari_panopticon,
          nicolae_uskayaw_dance_hall, shapermc_ecumenical_altar_mp_vishouse,
          chequers_serial_rivers_large_b, uniq_sigmund
D:4:      layout_basic, lemuel_round_altar, mainiacjoe_overflow_paths,
          mainiacjoe_overflow_24_doors, ebering_ghost_rock_garden
D:5:      old_forge, layout_layer_cave, lightli_ossuary_entry_decrepit_ruins

Notes
Turn   | Place    | Note
-------+----------+-------------------------------------------
     0 | D:1      | virigoth the Minotaur Berserker began the quest for the
                  | Orb.
     0 | D:1      | Reached XP level 1. HP: 19/19 MP: 0/0
     0 | D:1      | magus.rc [v1.11.3]
   232 | D:1      | Reached XP level 2. HP: 27/27 MP: 1/1
   244 | D:1      | Gained mutation: You tend to lose your temper in combat.
                  | [potion of mutation]
   244 | D:1      | Gained mutation: You are clumsy. (Dex -2) [potion of
                  | mutation]
   244 | D:1      | Gained mutation: You are somewhat resistant to further
                  | mutation. [potion of mutation]
   653 | D:1      | You pick up a book of Frost {forbidden} and begin
                  | reading...
   653 | D:1      | You add the spells Freeze, Frozen Ramparts and Hailstorm to
                  | your library.
   737 | D:2      | Reached skill level 4 in Axes
   740 | D:2      | Reached skill level 4 in Fighting
   796 | D:2      | Reached skill level 3 in Armour
   829 | D:2      | Reached XP level 3. HP: 33/33 MP: 2/2
  1102 | D:2      | Reached skill level 3 in Dodging
  1103 | D:2      | Reached XP level 4. HP: 21/40 MP: 3/3
  1323 | D:2      | Found Tuobb's Armour Shop.
  1326 | D:2      | >>Tuobb's Armor +10 plate
  1404 | D:2      | Reached ** piety under Trog
  1525 | D:2      | You fall into a shaft and drop 1 floor!
  1637 | D:3      | Noticed Sigmund
  1656 | D:3      | Killed Sigmund
  1657 | D:3      | Reached skill level 5 in Fighting
  1657 | D:3      | Reached skill level 5 in Axes
  1657 | D:3      | Reached skill level 4 in Armour
  1657 | D:3      | Reached XP level 5. HP: 37/48 MP: 4/4
  1915 | D:3      | Identified the +2 pair of gloves "Wauplar" {-Tele rC+++
                  | Regen+ Slay+2}
  1986 | D:3      | Found a hide-covered altar of Uskayaw.
  2070 | D:3      | Found a faded altar of an unknown god.
  2096 | D:3      | Found a broken altar of Ashenzari.
  2295 | D:4      | Found a burning altar of Makhleb.
  2326 | D:4      | Found a runed translucent gate.
  2327 | D:4      | Found a runed translucent gate.
  2327 | D:4      | Found a runed translucent gate.
  2367 | D:4      | Found a shadowy altar of Dithmenos.
  2370 | D:4      | Reached XP level 6. HP: 44/56 MP: 5/5
  2517 | D:4      | HP: 14/56 [ogre/+0 giant club (21)]
  2518 | D:4      | Reached skill level 1 in Polearms
  2518 | D:4      | Reached skill level 4 in Dodging
  2522 | D:4      | HP: 2/84 [ogre/+0 giant club (6)]
  2526 | D:4      | Reached skill level 2 in Polearms
  3293 | D:4      | Noticed ImHallYall's ghost (amateur DsGl)
  3398 | D:4      | Found a hazy altar of Hepliaklqana.
  3549 | D:4      | Killed ImHallYall's ghost
  3550 | D:4      | Reached skill level 3 in Polearms
  3550 | D:4      | Reached skill level 5 in Armour
  3550 | D:4      | Reached XP level 7. HP: 62/62 MP: 6/6
  3698 | D:5      | Entered Level 5 of the Dungeon
  3931 | D:5      | Reached skill level 4 in Polearms
  4006 | D:5      | Reached skill level 6 in Fighting
  4011 | D:5      | Reached skill level 5 in Dodging
  4380 | D:5      | You add the spells Ignite Poison, Mephitic Cloud and
                  | Freezing Cloud to your library.
  4411 | D:5      | Reached skill level 5 in Polearms
  4411 | D:5      | Reached XP level 8. HP: 71/71 MP: 7/7
  4433 | D:5      | HP: 11/71 [yak (10)]
  4434 | D:5      | HP: 1/71 [yak (10)]
  4439 | D:5      | Mangled by a yak

Vanquished Creatures
  The ghost of ImHallYall the Chopper, an amateur DsGl of Hepliaklqana (D:4)
  Sigmund (D:3)
  A yak (D:5)
  An ogre (D:4)
  5 scorpions (D:5)
  A hound (D:5)
  2 orc priests (D:4)
  3 iguanas
  An orc wizard (D:5)
  An adder (D:2)
  A worm (D:5)
  A dart slug (D:2)
  12 orcs
  7 ball pythons
  A bat (D:1)
  5 endoplasms
  2 giant cockroaches
  A goblin (D:3)
  9 hobgoblins
  2 jackals (D:1)
  A quokka (D:2)
  3 frilled lizards
  4 kobolds
  6 rats (D:2)
72 creatures vanquished.

Table legend:
 A = Non-vault XP
 B = Vault XP
 C = Vault XP percentage of total XP
 D = Non-vault monster count
 E = Vault monster count
 F = Vault count percentage of total count
                 A         B        C        D         E       F
            +---------+---------+-------+---------+---------+-------
      Total |     883 |     756 |  46.1 |      67 |       5 |   6.9
            +---------+---------+-------+---------+---------+-------
        D:1 |      29 |       0 |   0.0 |      16 |       0 |   0.0
        D:2 |      79 |       0 |   0.0 |      18 |       0 |   0.0
        D:3 |      12 |     223 |  94.9 |       7 |       1 |  12.5
        D:4 |     269 |     279 |  50.9 |      15 |       1 |   6.2
        D:5 |     494 |     254 |  34.0 |      11 |       3 |  21.4
            +---------+---------+-------+---------+---------+-------

Illustrated notes

#.........# #.........# ###
##.......## ##.# #.........#
#..# # .
####.........#########..# # ...
#............##......#..# #
....##.......................###
..............#'#............†..
#..<......+@+...###.#.......
##........#+#...............
#..........>...###.#.......
####....#......###.#......#
###.............#......#
##.......###..#).#......#
.#####..###.#.# ##...........#
........# #.#.# #........#.##
........###.#..###..†...#...#


Turn 1326 on D:2: Tuobb's Armor +10 plate

Table legend:
 A = Kills in this place as a percentage of kills in entire the game.
 B = Kills by you in this place as a percentage of kills by you in the entire game.
 C = Kills by friends in this place as a percentage of kills by friends in the entire game.
 D = Other kills in this place as a percentage of other kills in the entire game.
 E = Experience gained in this place as a percentage of experience gained in the entire game.
 F = Experience gained in this place divided by the number of levels of this place that you have seen.
                   A       B       C       D       E      F
               +-------+-------+-------+-------+-------+----------------------
         Total | 100.0 | 100.0 |   N/A |   N/A | 100.0 | 327.8
       Dungeon | 100.0 | 100.0 |   N/A |   N/A | 100.0 | 327.8
               +-------+-------+-------+-------+-------+----------------------

Table legend: (Time is in decaauts)
 A = Elapsed time spent in this place.
 B = Non-inter-level travel time spent in this place.
 C = Inter-level travel time spent in this place.
 D = Time resting spent in this place.
 E = Time spent auto-exploring this place.
 F = Levels seen in this place.
 G = Mean time per level.
                   A        B        C        D        E       F      G
               +--------+--------+--------+--------+--------+-----+--------+
         Total |   4577 |   4489 |     88 |    954 |   2492 |   5 |  915.4 |
       Dungeon |   4577 |   4489 |     88 |    954 |   2492 |   5 |  915.4 |
               +--------+--------+--------+--------+--------+-----+--------+

Top non-repeatable levels by time:
     D:4: 1390 daAuts
     D:2: 879 daAuts
     D:3: 812 daAuts
     D:5: 767 daAuts
     D:1: 727 daAuts
